 Dungeon Crawl Stone Soup version 0.28.0-53-g5a82cb258f (webtiles) character file.

Game seed: 17293187958226965026

5 Descartes the Sneak (level 1, -6/11 HPs)
             Began as a Spriggan Delver on July 23, 2022.
             Shot with an arrow by a centaur (8 damage)
             ... on level 5 of the Dungeon.
             The game lasted 00:00:37 (62 turns).

Descartes the Sneak (Spriggan Delver)                 Turns: 62, Time: 00:00:37

Health: -6/11      AC:  2    Str:  8    XL:     1   Next: 66%
Magic:  2/2        EV: 17    Int: 11    God:
Gold:   0          SH:  0    Dex: 16    Spells: 0/0 levels left

rFire   . . .      SeeInvis +   a - +0 short sword
rCold   . . .      Faith    .   (no shield)
rNeg    . . .      Spirit   .   b - +0 robe
rPois   .          Reflect  .   (helmet restricted)
rElec   .          Harm     .   (no cloak)
rCorr   .          Rampage  .   (gloves unavailable)
Will    .....                   (boots unavailable)
Stlth   ++++......              (no amulet)
HPRegen 0.03/turn               (no ring)
MPRegen 0.08/turn               (no ring)

@: very quick
A: very small, no large weapons, unfitting armour, see invisible, speed 3
a: no special abilities


You were on level 5 of the Dungeon.
You visited 1 branch of the dungeon, and saw 1 of its levels.

Inventory:

Hand Weapons
 a - a +0 short sword (weapon)
Armour
 b - a +0 robe (worn)
Wands
 g - a wand of digging (3)
Scrolls
 c - a scroll of fog
 d - a scroll of magic mapping
 e - a scroll of fear
Potions
 f - a potion of haste


   Skills:
 - Level 2.4 Fighting
 - Level 2.1 Short Blades
 - Level 2.6 Dodging
 + Level 7.7 Stealth


You couldn't memorise any spells.
You didn't know any spells.
Your spell library was empty.

Dungeon Overview and Level Annotations

Branches:
Dungeon (5/15)
 Temple: D:4-7

Altars:
Dithmenos


Innate Abilities, Weirdness & Mutations

You are very small and have problems with some larger weapons.
You are too small for most types of armour.
You have supernaturally acute eyesight. (SInv)
You cover ground extremely quickly. (Speed+++)


Message History

The ufetubus is moderately wounded.
The ufetubus misses you. x3; The ufetubus closely misses you.
You hit the ufetubus but do no damage.
The ufetubus is moderately wounded.
The ufetubus barely misses you. The ufetubus closely misses you.
You miss the ufetubus.
The ufetubus is lightly wounded.
The ufetubus completely misses you. The ufetubus misses you.
The ufetubus barely misses you. The ufetubus closely misses you.
You barely miss the ufetubus.
The ufetubus is lightly wounded.
The ufetubus closely misses you. The ufetubus completely misses you.
You hit the ufetubus.
The ufetubus is heavily wounded.
The ufetubus misses you. The ufetubus barely misses you.
The ufetubus closely misses you. The ufetubus hits you.
You hit the ufetubus.
The ufetubus is almost dead.
The ufetubus completely misses you. The ufetubus hits you.
* * * LOW HITPOINT WARNING * * *
You barely miss the ufetubus.
The ufetubus is almost dead.
The ufetubus closely misses you. The ufetubus completely misses you.
The ufetubus barely misses you. x2
You completely miss the ufetubus.
The ufetubus is almost dead.
The ufetubus completely misses you. The ufetubus closely misses you.
You hit the ufetubus.
You kill the ufetubus!
You start resting.
A centaur comes into view.
The centaur wields a +0 shortbow.
The centaur shoots an arrow.
The arrow closely misses you.
The centaur shoots an arrow.
The arrow barely misses you.
Found 12 gold pieces and a spear.
The centaur shoots an arrow.
The arrow barely misses you.
Found a shadowy altar of Dithmenos.
The centaur shoots an arrow.
The arrow hits you!
Ouch! That really hurt!
You die...

#.# # #.# .. #.#
... #.# _..# #.#
...#. #.# #
..$#..#####.###.#
####...@.....c#.#
......#.........#
..... #.#####.###
#### #)# #).# #.#
##.## #.# #..#
#.# ##.## #.#
#..# ##.##


You could see a centaur.

Vanquished Creatures
  An ufetubus (D:5)
1 creature vanquished.

Notes
Turn   | Place    | Note
-------+----------+-------------------------------------------
     0 | D:5      | Descartes the Spriggan Delver began the quest for the Orb.
     0 | D:5      | Reached XP level 1. HP: 11/11 MP: 2/2
    30 | D:5      | Identified the +7 longbow of Blind Justice {flame, rF+
                  | Stlth+}
    57 | D:5      | Noticed a centaur
    62 | D:5      | Found a shadowy altar of Dithmenos.
    62 | D:5      | Shot with an arrow by a centaur

Illustrated notes

Levels and vault maps discovered:
D:5:      layout_basic, okawaru_altar_gauntlet_db, amcnicky_altar_gilded,
          mainiacjoe_overflow_six_doors_small, hellmonk_bongcloud_opening

Action                   || total
-------------------------++-------
Melee: Short sword       ||     9
Armor: Robe              ||     1
Dodge: Dodged            ||    25
